 Dungeon Crawl Stone Soup version 0.32-a0-17-gb74e046682 (webtiles) character file.

Game seed: 5392285549590656806

664 cforsyth the Trooper (level 7, -1/162 HPs)
             Began as an Oni Shapeshifter on Jan 15, 2024.
             Slain by a bullfrog (3 damage)
             ... on level 6 of the Dungeon.
             The game lasted 00:04:10 (2904 turns).

cforsyth the Trooper (Oni Shapeshifter)             Turns: 2904, Time: 00:04:11

Health: -1/162     AC: 23    Str: 21    XL:     7   Next: 57%
Magic:  7/7        EV:  1    Int: 11    God:
Gold:   94         SH:  0    Dex:  8    Spells: 6/6 levels left

rFire   . .          .
                       - Unarmed
rCold   . . .        (no shield)
rNeg    . . .        a - melded +1 animal skin
rPois   +            (helmet currently unavailable)
rElec   .            (cloak currently unavailable)
rCorr   .            (gloves unavailable)
SInv    .            (boots unavailable)
Will    .....        (no amulet) Stlth
                     (no ring)
HPRegen 0.47/turn    (no ring)
MPRegen 0.10/turn

%: no passive effects
@: mighty, berserking, tree-form, attractive, very quick
A: stationary, stasis, torment immunity, boosted hp, large, unfitting armour,
(horns 1), (tough skin 1), double potion healing, drunken brawling
a: no special abilities


You were on level 6 of the Dungeon.
You were a tree.
You visited 1 branch of the dungeon, and saw 5 of its levels.

You collected 94 gold pieces.

Inventory:

Armour
 a - a +1 animal skin (melded)
Jewellery
 j - a +6 ring of dexterity
 n - a ring of fire
Talismans
 c - a beast talisman
 d - a flux talisman
Potions
 k - a potion of might
 o - a potion of brilliance {unknown}


   Skills:
 + Level 5.3 Fighting
 + Level 4.0 Dodging
 + Level 4.5 Unarmed Combat
 + Level 4.6 Shapeshifting


You had 6 spell levels left.
You didn't know any spells.
Your spell library contained the following spells:

 Spells                   Type           Power      Damage    Failure   Level
 Ensorcelled Hibernation  Hex/Ice        0%         N/A       47%         2
 Fugue of the Fallen      Necr           0%         N/A       71%         3
 Anguish                  Hex/Necr       0%         N/A       98%         4


Dungeon Overview and Level Annotations

Branches:
Dungeon (4/15)
 Temple: D:4-7

Altars:
Kikubaaqudgha

Annotations:
D:4 Eustachio, Menkaure, Pikel
D:6 Jeremiah


Innate Abilities, Weirdness & Mutations

You are a tree.
Your roots penetrate the ground, keeping you stationary.
You cannot be teleported.
You are immune to unholy pain and torment.
Your maximum health is greatly increased.
Your equipment is partially melded.
You are too large for most types of armour.
((You have a pair of small horns on your head.))
((You have tough skin. (AC +1)))
You gain doubled healing and magic from potions.
Whenever you drink a healing potion, you attack all around you.


Message History

* * * LOW HITPOINT WARNING * * *
The bullfrog hits you but does no damage. x2
The phantom hits you but does no damage.
Your life force feels restored.
Your Fighting skill increases to level 5!
Your Unarmed Combat skill increases to level 4!
You have reached level 7!
Unknown command.
It was a potion of berserk rage.
A red film seems to cover your vision as you go berserk!
You feel yourself moving faster!
You feel mighty!
The bullfrog releases a deep croak.
The bullfrog hits you but does no damage.
The bullfrog hits you.
* * * LOW HITPOINT WARNING * * *
Jeremiah completely misses you. The phantom hits you.
* * * LOW HITPOINT WARNING * * *
You smack the bullfrog!
The bullfrog is heavily wounded.
The bullfrog hits you but does no damage. x2
Jeremiah hits you but does no damage.
You feel drained.
You closely miss the bullfrog.
The bullfrog is heavily wounded.
The bullfrog hits you.
* * * LOW HITPOINT WARNING * * *
The bullfrog hits you but does no damage.
The phantom hits you but does no damage.
Jeremiah hits you but does no damage.
You feel drained.
You pummel the bullfrog!!
You kill the bullfrog!
The bullfrog hits you but does no damage.
The phantom hits you.
* * * LOW HITPOINT WARNING * * *
The butterfly is attracted toward you.
Your life force feels restored.
Your Dodging skill increases to level 4!
You barely miss the bullfrog.
The bullfrog is lightly wounded.
The bullfrog hits you.
You die...

#................≈~≈~
. #...........#..≈~≈≈
...#...........##.≈≈~≈
.....O.$....#..# ..≈≈.
...##......##..#.....
. #...#### <... .. ...
####..#..##.....
..bbb#F#(............
#.Fb♣WO....##.
#b####.##..# ### ....
..... ... ...


You could see Jeremiah, an ogre, a phantom and a bullfrog.

Vanquished Creatures
  A cyclops (D:6)
  A black bear (D:6)
  2 lemures (D:3)
  A bullfrog (D:6)
  A hound (D:6)
  An orc priest (D:3)
  A sleepcap (D:6)
  2 adders
  A ribbon worm (D:2)
  6 orcs
  3 endoplasms
  3 giant cockroaches
  A hobgoblin (D:3)
  6 jackals
  2 quokkas (D:2)
  5 bats
  2 frilled lizards
  4 goblins
  5 kobolds
  4 rats
52 creatures vanquished.

Notes
Turn   | Place    | Note
-------+----------+-------------------------------------------
     0 | D:1      | cforsyth the Oni Shapeshifter began the quest for the Orb.
     0 | D:1      | Reached XP level 1. HP: 19/19 MP: 1/1
   198 | D:1      | Found a faded altar of an unknown god.
   213 | D:1      | Reached XP level 2. HP: 28/28 MP: 2/2
   701 | D:2      | Reached skill level 2 in Fighting
   981 | D:2      | Reached XP level 3. HP: 35/35 MP: 3/3
  1582 | D:3      | Found an ancient bone altar of Kikubaaqudgha.
  1874 | D:2      | Reached XP level 4. HP: 33/44 MP: 4/4
  2161 | D:3      | Reached skill level 3 in Fighting
  2452 | D:4      | Noticed Pikel
  2452 | D:4      | Noticed a lemure
  2455 | D:4      | Noticed a lemure
  2464 | D:4      | Noticed a lemure
  2464 | D:4      | Noticed Eustachio
  2465 | D:4      | Noticed a lemure
  2466 | D:4      | Noticed Menkaure
  2467 | D:4      | Noticed a black bear
  2477 | D:3      | Killed a lemure
  2694 | D:3      | Killed a lemure
  2840 | D:4      | You fall into a shaft and drop 2 floors!
  2846 | D:6      | Noticed an ogre
  2852 | D:6      | Noticed a black bear
  2859 | D:6      | Reached XP level 5. HP: 51/53 MP: 5/5
  2865 | D:6      | Killed a black bear
  2869 | D:6      | Noticed a centaur
  2869 | D:6      | Noticed a centaur
  2874 | D:6      | Noticed a phantom
  2878 | D:6      | Noticed an ogre
  2882 | D:6      | Noticed a cyclops
  2888 | D:6      | HP: 2/81 [sleepcap (4)]
  2890 | D:6      | Reached skill level 4 in Fighting
  2890 | D:6      | Reached XP level 6. HP: 3/62 MP: 6/6
  2897 | D:6      | Noticed Jeremiah
  2899 | D:6      | Killed a cyclops
  2899 | D:6      | HP: 4/90 [Jeremiah/+3 trident of draining (2)]
  2900 | D:6      | Reached skill level 5 in Fighting
  2900 | D:6      | Reached XP level 7. HP: 5/72 MP: 7/7
  2904 | D:6      | Slain by a bullfrog

Illustrated notes

Levels and vault maps discovered:
D:1:      saegor_arrival_simple_c, layout_rooms, shapermc_ecumenical_altar_gd
D:2:      layout_basic
D:3:      layout_loops_corners, mainiacjoe_overflow_paths, serial_glass,
          glass_columns_b, glass_columns_a, due_unseen_surprise,
          item_on_display_a, minmay_strange_pillars
D:4:      layout_rooms, chequers_temple_overflow_statue_of_worship, uniq_robin,
          uniq_pikel, uniq_ijyb, uniq_sigmund, uniq_eustachio, uniq_menkaure
D:6:      nicolae_whirlpool, layout_cave_pools, gup_sewer_entry_bubbles,
          uniq_crazy_yiuf_cottage, uniq_jeremiah

Skill      XL: |  1  2  3  4  5  6  7 |
---------------+----------------------+-----
Dodging        | 2 3 4 |  4.0
Fighting       | 2 3 4 5 |  5.3
Unarmed Combat | 3 4 |  4.5
Shapeshifting  | 4 |  4.6

Action                     |  1- 3 |  4- 6 |  7- 9 || total
---------------------------+-------+-------+-------++-------
  Melee: Unarmed           |   110 |    66 |     4 ||   180
         Headbutt          |    11 |     7 |       ||    18
         Punch             |       |     3 |       ||     3
    Use: Potion            |     1 |     5 |     1 ||     7
         Scroll            |       |     5 |       ||     5
 Armour: Animal skin       |    82 |    42 |       ||   124
         Skin              |     2 |    53 |    13 ||    68
  Dodge: Dodged            |    49 |    36 |     1 ||    86

Table legend: (Time is in decaauts)
 A = Elapsed time spent in this place.
 B = Non-inter-level travel time spent in this place.
 C = Inter-level travel time spent in this place.
 D = Time resting spent in this place.
 E = Time spent auto-exploring this place.
 F = Levels seen in this place.
 G = Mean time per level.
                   A        B        C        D        E       F      G
               +--------+--------+--------+--------+--------+-----+--------+
         Total |   2896 |   2800 |     96 |    339 |   1956 |   5 |  579.2 |
       Dungeon |   2896 |   2800 |     96 |    339 |   1956 |   5 |  579.2 |
               +--------+--------+--------+--------+--------+-----+--------+

Top non-repeatable levels by time:
     D:3: 1525 daAuts
     D:2: 734 daAuts
     D:1: 531 daAuts
     D:6: 60 daAuts
     D:4: 44 daAuts
